 Dungeon Crawl Stone Soup version 0.30-a0-219-gf2db51d15e (webtiles) character file.

Game seed: 16489759741516723285

0 shadowstone the Digger (level 1, 0/10 HPs)
             Began as a Gargoyle Earth Elementalist on Oct 7, 2022.
             Slain by a quokka (2 damage)
             ... on level 1 of the Dungeon.
             The game lasted 00:00:18 (60 turns).

shadowstone the Digger (Gargoyle Earth Elementalist)  Turns: 60, Time: 00:00:20

Health: 0/10       AC:  4    Str: 11    XL:     1   Next: 10%
Magic:  3/3        EV: 11    Int: 15    God:
Gold:   0          SH:  0    Dex: 10    Spells: 3/4 levels left

rFire   . . .      SeeInvis .    (no weapon)
rCold   . . .      Faith    .    (no shield)
rNeg    + . .      Spirit   .    a - +0 robe
rPois   ∞          Reflect  .    (no helmet)
rElec   +          Harm     .    (no cloak)
rCorr   .          Rampage  .    (no gloves)
Will    .....                    (no boots)
Stlth   ++........               (no amulet)
HPRegen 0.21/turn                (no ring)
MPRegen 0.08/turn                (no ring)

@: no status effects
A: sickness immunity, AC +2, negative energy resistance 1, electricity
resistance, torment resistance 1, petrification resistance
a: no special abilities


You were on level 1 of the Dungeon.
You visited 1 branch of the dungeon, and saw 1 of its levels.

Inventory:

Armour
 a - a +0 robe (worn)
Scrolls
 c - a scroll of fog {unknown}
Potions
 b - a potion of magic


   Skills:
 + Level 1.5 Dodging
 + Level 2.1 Stealth
 + Level 2.0 Spellcasting
 + Level 0.8 Transmutations
 + Level 3.6 Earth Magic


You had 3 spell levels left.
You knew the following spells:

 Your Spells              Type           Power      Damage    Failure   Level
a - Sandblast             Erth           24%        2d8       4%          1

Your spell library contained the following spells:

 Spells                   Type           Power      Damage    Failure   Level
 Passwall                 Tmut/Erth      6%         N/A       13%         2
 Stone Arrow              Conj/Erth      12%        3d7       32%         3
 Petrify                  Tmut/Erth      8%         N/A       65%         4


Dungeon Overview and Level Annotations

Branches:
Dungeon (1/15)

Altars:


Innate Abilities, Weirdness & Mutations

You are immune to sickness and miasma.
Your stone body is resilient. (AC +2)
You are immune to poison.
You resist negative energy. (rN+)
You are resistant to electric shocks. (rElec)
You are resistant to unholy torment.
You are immune to petrification.


Message History

The quokka completely misses you. The bat hits you but does no damage.
You barely miss the rat. The bat hits you but does no damage.
The quokka bites you. The rat bites you but does no damage.
You hit the rat.
You kill the rat!
The bat closely misses you. The bat barely misses you. The quokka bites you.
* * * LOW HITPOINT WARNING * * *
The bat barely misses you.
The quokka bites you but does no damage.
The quokka barely misses you. The quokka closely misses you.
The bat closely misses you. The quokka attacks as you move away!
The quokka barely misses you. The bat attacks as you move away!
The bat hits you but does no damage. The bat barely misses you.
You see here a +0 plate armour.
The bat closely misses you.
You barely miss the bat. The bat misses you.
You hit the quokka.
The quokka is moderately wounded.
The bat hits you but does no damage. The quokka barely misses you.
You hit the quokka.
The quokka is heavily wounded.
The bat hits you but does no damage.
The quokka bites you but does no damage. x2
You barely miss the quokka.
The quokka is moderately wounded.
The bat barely misses you. The quokka barely misses you.
You hit the quokka but do no damage.
The quokka is moderately wounded.
The bat barely misses you. The quokka closely misses you.
You barely miss the quokka.
The quokka is moderately wounded.
The bat misses you. The quokka bites you.
You closely miss the quokka. The quokka bites you.
* * * LOW HITPOINT WARNING * * *
The bat closely misses you.
You barely miss the quokka. The bat hits you.
* * * LOW HITPOINT WARNING * * *
The bat barely misses you. The quokka bites you.
You die...

#.##...'..8..#<#.#
#.######.....#.+.#
#.# #.⌠.⌠.###.# #.#
##........# ##.#
##...8.8.#
##..######.##...8..#
#..........###.8.8.#
#...##.....# #.....#
#...#...r@...#
#######
###..#.[b........
#.#........####
.....?......#
.##.##.#...#.# # #.
#.##.##.# . .....# #
# ##.####


You could see a quokka and a bat.

Vanquished Creatures
  A rat (D:1)
1 creature vanquished.

Notes
Turn   | Place    | Note
-------+----------+-------------------------------------------
     0 | D:1      | shadowstone the Gargoyle Earth Elementalist began the quest
                  | for the Orb.
     0 | D:1      | Reached XP level 1. HP: 10/10 MP: 3/3
    60 | D:1      | Slain by a quokka

Illustrated notes

Levels and vault maps discovered:
D:1:      ncdulo_halloftheorcs, layout_loops_ring

Action                   || total
-------------------------++-------
Melee: Unarmed           ||    10
Armor: Robe              ||     9
Dodge: Dodged            ||    20

Table legend: (Time is in decaauts)
 A = Elapsed time spent in this place.
 B = Non-inter-level travel time spent in this place.
 C = Inter-level travel time spent in this place.
 D = Time resting spent in this place.
 E = Time spent auto-exploring this place.
 F = Levels seen in this place.
 G = Mean time per level.
                   A        B        C        D        E       F      G
               +--------+--------+--------+--------+--------+-----+--------+
         Total |     60 |     60 |      0 |      0 |      0 |   1 |   60.0 |
       Dungeon |     60 |     60 |      0 |      0 |      0 |   1 |   60.0 |
               +--------+--------+--------+--------+--------+-----+--------+

Top non-repeatable levels by time:
     D:1: 60 daAuts
